 Dungeon Crawl Stone Soup version 0.27-a0-1245-g940ed4fa31 (webtiles) character file.

Game seed: 15983825907435318988

1922 robertstho the Archer (level 9, -4/77 HPs)
             Began as a Hill Orc Hunter on June 9, 2021.
             Was an Initiate of Okawaru.
             Slain by a killer bee (7 damage)
             ... on level 6 of the Dungeon.
             The game lasted 00:08:02 (6627 turns).

robertstho the Archer (Hill Orc Hunter)             Turns: 6627, Time: 00:08:04

Health: -4/77      AC: 10    Str: 16    XL:     9   Next: 17%
Magic:  18/18      EV:  7    Int: 11    God:    Okawaru [......]
Gold:   240        SH:  0    Dex: 13    Spells: 8/8 levels left

rFire    . . .     SeeInvis .   v - +0 long sword
rCold    . . .     Faith    .   (no shield)
rNeg     . . .     Spirit   .   b - +0 chain mail
rPois    .         Reflect  +   (no helmet)
rElec    .         Harm     .   (no cloak)
rCorr    .         Rampage  .   (no gloves)
Will     .....                  s - +0 pair of boots
Stlth    ..........             k - amulet of reflection
HPRegen  0.22/turn              l - +4 ring of slaying
MPRegen  0.16/turn              j - ring of magical power

@: confused, lethally poisoned (-4 -> -16), ambrosia-drunk
A: no striking features
a: Renounce Religion


You were on level 6 of the Dungeon.
You worshipped Okawaru.
Okawaru was noncommittal.
You visited 2 branches of the dungeon, and saw 7 of its levels.

You collected 240 gold pieces.

Inventory:

Hand Weapons
 a - a +1 shortbow
 v - a +0 long sword (weapon)
Missiles
 x - a curare-tipped dart (quivered)
Armour
 b - a +0 chain mail (worn)
 s - a +0 pair of boots (worn)
Jewellery
 h - an amulet of guardian spirit
 j - a ring of magical power (right hand)
 k - an amulet of reflection (around neck)
 l - a +4 ring of slaying (left hand)
 o - a ring of ice
Wands
 d - a wand of digging (4)
 f - a wand of acid (8)
Scrolls
 c - a scroll of teleportation
 g - 3 scrolls of amnesia {unknown}
 i - a scroll of fear {unknown}
 p - a scroll of vulnerability {unknown}
 q - a scroll of enchant armour
 t - a scroll of holy word
 u - a scroll of torment
Potions
 e - 3 potions of attraction
 m - a potion of ambrosia
 n - a potion of resistance {unknown}
 r - a potion of mutation {unknown}
 w - a potion of haste {unknown}
 z - a potion of cancellation {unknown}


   Skills:
 * Level 6.3 Fighting
 + Level 0.4 Long Blades
 * Level 9.6 Bows
 + Level 3.5 Armour
 + Level 1.9 Dodging
 + Level 0.8 Stealth
 + Level 1.4 Shields
 * Level 0.6 Invocations


You had 8 spell levels left.
You didn't know any spells.
Your spell library was empty.

Dungeon Overview and Level Annotations

Branches:
Dungeon (6/15)             Temple (1/1) D:6

Altars:
Cheibriados
Elyvilon
Kikubaaqudgha
Makhleb
Okawaru
Sif Muna
Uskayaw
Xom
The Shining One


Message History

The killer bee is almost dead.
You feel very sick. The killer bee stings you.
The killer bee completely misses you. The killer bee barely misses you.
The killer bee stings you but does no damage.
The killer bee barely misses you.
You closely miss the killer bee.
The killer bee is almost dead.
You feel very sick. The killer bee stings you.
You are more poisoned.
The killer bee poisons you! You block the killer bee's attack. x2
The killer bee stings you! The killer bee stings you.
You are more poisoned.
The killer bee poisons you!
You miss the killer bee.
The killer bee is almost dead.
You feel very sick. The killer bee stings you.
* * * LOW HITPOINT WARNING * * *
You block the killer bee's attack. The killer bee closely misses you.
The killer bee stings you but does no damage.
The killer bee completely misses you. You block the killer bee's attack.
You closely miss the killer bee.
The killer bee is almost dead.
You feel very sick. The killer bee stings you!
* * * LOW HITPOINT WARNING * * *
The killer bee stings you!
* * * LOW HITPOINT WARNING * * *
You are more poisoned.
The killer bee poisons you!
The killer bee stings you but does no damage. x4
It was a potion of ambrosia.
You are confused.
You feel invigorated.
* * * LOW HITPOINT WARNING * * *
You feel very sick. The killer bee stings you!
You die...

##..###..##..###'##...#.....##..#
###+###..######..##...##....##..#
..<..............##...##....##..#
.......................'>.......#
##..###..##............#........#
##..###..######..##...##....##..#
##...#...## ##'#####'##....##..#
.#...#....# #...#....#.........#
.#...#....#. #(y@#....#.........#
.#...#...##.>###y####.##.##.##..#
.#...#...##..##.(####.##.##.##..#
#.........#.....(........#......#
..#...#...#.....................#
.##.⌠.##..#...............#.....#
##.....##....##.(...#.....#######
#..#.#..##..###.(...#####.#
..##.##......##....## ###


You could see 2 killer bees.

Vanquished Creatures
  3 water moccasins
  2 sky beasts (D:5)
  An ice beast (D:5)
  An ogre (D:6)
  2 phantoms
  A kobold brigand (D:6)
  A gnoll sergeant (D:6)
  A scorpion (D:5)
  A water moccasin zombie (D:5)
  2 killer bees (D:6)
  4 wights
  A centaur zombie (D:6)
  4 hounds
  3 orc priests
  A gnoll shaman (D:6)
  A scorpion zombie (D:5)
  An iguana (D:6)
  An orc wizard (D:4)
  A hound skeleton (D:5)
  7 adders
  9 gnolls
  A white imp (D:6)
  An adder skeleton (D:5)
  6 dart slugs
  2 worms
  11 orcs
  4 ball pythons
  2 endoplasms
  4 giant cockroaches
  5 goblins
  9 hobgoblins
  4 jackals (D:2)
  3 quokkas
  3 bats (D:1)
  2 frilled lizards (D:2)
  8 kobolds
  8 rats
121 creatures vanquished.

Vanquished Creatures (others)
  2 plants (D:1)
2 creatures vanquished.

Grand Total: 123 creatures vanquished

Notes
Turn   | Place    | Note
-------+----------+-------------------------------------------
     0 | D:1      | robertstho the Hill Orc Hunter began the quest for the Orb.
     0 | D:1      | Reached XP level 1. HP: 18/18 MP: 1/1
     1 | D:1      | Noticed an electric eel
   153 | D:1      | Reached skill level 4 in Bows
   153 | D:1      | Reached XP level 2. HP: 17/25 MP: 2/2
   330 | D:1      | Found a faded altar of an unknown god.
   700 | D:1      | Reached XP level 3. HP: 30/30 MP: 3/3
  1492 | D:2      | Reached XP level 4. HP: 37/37 MP: 4/4
  1537 | D:2      | Reached skill level 5 in Bows
  1845 | D:3      | Found a snail-covered altar of Cheibriados.
  1879 | D:3      | Noticed a phantom
  1886 | D:3      | Killed a phantom
  1887 | D:3      | Reached XP level 5. HP: 35/44 MP: 5/5
  2339 | D:3      | Reached skill level 6 in Bows
  2353 | D:3      | Reached XP level 6. HP: 51/51 MP: 6/6
  2460 | D:3      | Reached skill level 1 in Armour
  3424 | D:4      | Noticed a water moccasin
  3432 | D:4      | Killed a water moccasin
  3433 | D:4      | Reached XP level 7. HP: 29/59 MP: 7/7
  3829 | D:5      | Entered Level 5 of the Dungeon
  3876 | D:5      | Reached skill level 7 in Bows
  4182 | D:5      | Reached skill level 8 in Bows
  4182 | D:5      | Reached XP level 8. HP: 67/67 MP: 8/8
  4236 | D:5      | Reached skill level 5 in Fighting
  4265 | D:5      | Found an ancient bone altar of Kikubaaqudgha.
  4487 | D:5      | Found a hide-covered altar of Uskayaw.
  4496 | D:5      | Found a shimmering blue altar of Sif Muna.
  4791 | D:5      | Reached skill level 9 in Bows
  5595 | D:6      | Reached XP level 9. HP: 4/69 MP: 9/9
  5930 | D:6      | Found a staircase to the Ecumenical Temple.
  6008 | Temple   | Entered the Ecumenical Temple
  6021 | Temple   | Became a worshipper of Warmaster Okawaru
  6334 | D:6      | Found a shimmering altar of Xom.
  6440 | D:6      | Reached skill level 1 in Shields
  6626 | D:6      | HP: 1/77 [killer bee (8)]
  6627 | D:6      | Slain by a killer bee

Illustrated notes

Levels and vault maps discovered:
D:1:      arrival_aquarium_a, layout_basic, serial_forest,
          infiniplex_forest_split, infiniplex_forest_clump_curved,
          infiniplex_forest_clump_curved, infiniplex_forest_zigzag_1,
          infiniplex_forest_clump_large, infiniplex_forest_lined_corner,
          infiniplex_forest_corner_1, ebering_ecumenical_altar_rust,
          minmay_misc_feat_more_columns
D:2:      layout_rooms, minmay_misc_feat_plants
D:3:      layout_basic, general_overflow_altar
D:4:      layout_rooms
D:5:      layout_basic, grunt_temple_overflow_open, lemuel_tele_altar
D:6:      layout_gridville, kennysheep_mini_moat, minmay_temple_entry_waves,
          solitary_fountain, roderic_nine_men_s_morris, st_stairs_8
Temple:   regret_index_temple_waves

Skill      XL: |  1  2  3  4  5  6  7  8  9 |
---------------+----------------------------+-----
Bows           | 4 5 6 8 9 |  9.6
Fighting       | 3 4 6 |  6.3
Armour         | 1 3 |  3.5
Shields        | 1 |  1.4
Long Blades    | |  0.4
Dodging        | |  1.9
Stealth        | |  0.8
Invocations    | |  0.6

Action                   |  1- 3 |  4- 6 |  7- 9 || total
-------------------------+-------+-------+-------++-------
Melee: Long sword        |       |       |    38 ||    38
 Fire: Shortbow          |    86 |   128 |   180 ||   394
  Use: Scroll            |       |     4 |     2 ||     6
       Potion            |       |       |     5 ||     5
Armor: Leather armour    |     9 |       |       ||     9
       Ring mail         |       |     4 |       ||     4
       Chain mail        |       |    10 |    65 ||    75
Dodge: Dodged            |     8 |     7 |    41 ||    56
Block: Other             |     5 |     6 |    25 ||    36
       Reflection        |       |     1 |       ||     1
       Rpst.: Long sword |       |       |     2 ||     2

Table legend: (Time is in decaauts)
 A = Elapsed time spent in this place.
 B = Non-inter-level travel time spent in this place.
 C = Inter-level travel time spent in this place.
 D = Time resting spent in this place.
 E = Time spent auto-exploring this place.
 F = Levels seen in this place.
 G = Mean time per level.
                   A        B        C        D        E       F      G
               +--------+--------+--------+--------+--------+-----+--------+
         Total |   6628 |   6331 |    297 |    722 |   4769 |   7 |  946.9 |
       Dungeon |   6601 |   6318 |    283 |    722 |   4764 |   6 | 1100.2 |
        Temple |     26 |     13 |     13 |      0 |      5 |   1 |   26.0 |
               +--------+--------+--------+--------+--------+-----+--------+

Top non-repeatable levels by time:
     D:6: 1802 daAuts
     D:1: 1297 daAuts
     D:3: 1170 daAuts
     D:5: 964 daAuts
     D:4: 831 daAuts
     D:2: 536 daAuts
  Temple: 26 daAuts
